 Dungeon Crawl Stone Soup version 0.19.0 (webtiles) character file.

259 Softman25 the Conjurer (level 5, -22/28 HPs)
             Began as a Deep Elf Conjurer on Nov 9, 2016.
             Annihilated by an ogre
             ... wielding a +0 giant club
              (31 damage)
             ... on level 4 of the Dungeon.
             The game lasted 00:07:01 (2708 turns).

Softman25 the Conjurer (Deep Elf Conjurer)          Turns: 2708, Time: 00:07:01

Health: -22/28     AC:  2    Str:  6    XL:     5   Next: 95%
Magic:  14/14      EV: 14    Int: 20    God:
Gold:   86         SH:  0    Dex: 15    Spells: 3 memorised, 7 levels left

rFire  . . .     SeeInvis .     l - +1 dagger
rCold  . . .     Gourm    .     a - +0 robe
rNeg   . . .     Faith    +     (no shield)
rPois  .         Spirit   .     (no helmet)
rElec  .         Reflect  .     (no cloak)
rCorr  .         Harm     .     (no gloves)
MR     .....                    (no boots)
Stlth  ++........               f - amulet of faith
                                (no ring)
                                (no ring)

@: about to teleport
A: no striking features
a: no special abilities


You were on level 4 of the Dungeon.
You were not hungry.

You visited 1 branch of the dungeon, and saw 4 of its levels.

You collected 86 gold pieces.

Inventory:

Hand Weapons
 l - a +1 dagger (weapon)
Armour
 a - a +0 robe (worn)
Jewellery
 f - an amulet of faith (around neck)
Wands
 h - a wand of random effects (33/48)
Scrolls
 e - 6 scrolls of identify {@r1}
 g - a scroll of magic mapping
 i - 3 scrolls of remove curse {@r2}
 m - a scroll of enchant weapon
 s - a scroll of blinking
 t - a scroll of recharging {unknown}
Potions
 j - 2 potions of lignification
 k - a potion of ambrosia
 n - a potion of curing {@q1}
 p - 2 potions of magic
Books
 b - a book of Conjurations

   Spells                             Type                      Level
   a - Magic Dart                     Conjuration                  1
   b - Searing Ray                    Conjuration                  2
   c - Dazzling Spray                 Conjuration/Hexes            3
   d - Fulminant Prism                Conjuration/Hexes            4
   e - Iskenderun's Mystic Blast      Conjuration                  4
   f - Iskenderun's Battlesphere      Conjuration/Charms           5
 v - a book of Cantrips

   Spells                             Type                      Level
   a - Confusing Touch                Hexes                        1
   b - Animate Skeleton               Necromancy                   1
   c - Summon Small Mammal            Summoning                    1
   d - Apportation                    Translocation                1
Comestibles
 c - 4 bread rations
 o - a beef jerky
 q - 3 fruits
 r - a chunk of flesh
 u - a slice of pizza


   Skills:
 + Level 4.1 Dodging
 - Level 2.4 Stealth
 - Level 5.3 Spellcasting
 + Level 6.2 Conjurations


You had 7 spell levels left.
You knew the following spells:

 Your Spells              Type           Power        Failure   Level  Hunger
a - Magic Dart            Conj           ####         1%          1    None
b - Searing Ray           Conj           ####..       1%          2    None
c - Iskenderun's Mystic   Conj           ####....     10%         4    ####...


Dungeon Overview and Level Annotations

Branches:
Dungeon (4/15)
 Temple: D:4-7

Altars:
Elyvilon
Trog
The Shining One


Message History

v - a book of Cantrips Some of the chunks of flesh in your inventory have rotted away.
Found a leather armour.
Found a glowing golden altar of the Shining One.
You open the door.
An ogre comes into view. It is wielding a giant club.
There is an open door here.
Casting: Magic Dart
Confirm with . or Enter, or press ? or * to list all spells.
You can't see any susceptible monsters within range! (Use Z to cast anyway.) Unknown command.
The ogre hits you with a giant club!!
Ouch! That really hurt!
* * * LOW HITPOINT WARNING * * *
Some of the chunks of flesh in your inventory have rotted away.
Okay, then.
As you read the scroll of teleportation, it crumbles to dust.
You feel strangely unstable. The ogre hits you with a giant club!!
Ouch! That really hurt!
You die...

##### #...# #...# ###### #...#
######## #....# #...# #......#
#....#
####...###......####....#####
#........'..................#
#.##...###......###.........##
# #.........@O.'.............
#.#####......###.........##
#>.......................##
#.##############..###....##
#.########### #...##....##
#.##.##........# #.#.##......
#.##.##........####.#.........
#...................##........
#...................##......##


You could see an ogre.

Vanquished Creatures
  3 hounds (D:4)
  2 worker ants (D:4)
  3 adders
  2 oozes
  5 worms
  5 leopard geckos
  6 orcs
  3 bats
  2 giant cockroaches
  6 hobgoblins
  6 jackals
  2 quokkas
  4 frilled lizards
  6 goblins
  3 kobolds
  6 rats
64 creatures vanquished.

Notes
Turn   | Place    | Note
-------+----------+-------------------------------------------
     0 | D:1      | Softman25 the Deep Elf Conjurer began the quest for the Orb.
     0 | D:1      | Reached XP level 1. HP: 10/10 MP: 6/6
   260 | D:1      | Reached XP level 2. HP: 15/15 MP: 4/8
   603 | D:2      | Found a white marble altar of Elyvilon.
   738 | D:2      | Reached XP level 3. HP: 19/19 MP: 5/10
   828 | D:2      | Learned a level 2 spell: Searing Ray
  1072 | D:2      | Found a bloodstained altar of Trog.
  1279 | D:2      | Reached skill level 5 in Conjurations
  1608 | D:3      | Reached skill level 5 in Spellcasting
  1688 | D:3      | Found a faded altar of an unknown god.
  1693 | D:3      | Reached XP level 4. HP: 24/24 MP: 9/13
  2078 | D:3      | Learned a level 4 spell: Iskenderun's Mystic Blast
  2285 | D:4      | Reached XP level 5. HP: 28/28 MP: 8/14
  2478 | D:4      | Reached skill level 6 in Conjurations
  2618 | D:4      | Found a glowing golden altar of the Shining One.
  2661 | D:4      | Noticed an ogre
  2708 | D:4      | Annihilated by an ogre

Skill      XL: |  1  2  3  4  5 |
---------------+----------------+-----
Spellcasting   | 4 5 |  5.3
Conjurations   | 5 6 |  6.2
Dodging        | 3 4 |  4.1
Stealth        | |  2.4

Action                   |  1- 3 |  4- 6 || total
-------------------------+-------+-------++-------
 Cast: Magic Dart        |    74 |    60 ||   134
       Searing Ray       |     1 |     3 ||     4
  Use: Scroll            |     9 |     3 ||    12
  Eat: Chunk             |     2 |     3 ||     5
Armor: Robe              |       |     1 ||     1
Dodge: Dodged            |     2 |     2 ||     4
